APL (24 & UNDER)
ATHENS ASSASSINS @ KENOSHA KINGFISH
05/07/2028
 
TOP OF THE 1ST
Athens Assassins batting - Pitching for Kenosha Kingfish : LHP Cedric Duncan
Pitching: LHP Cedric Duncan
Batting: LHB Miguel García 0-0: Ball
1-0: Fly out, F8 (Flyball, 8RM)
Batting: LHB Milo Glenn 0-0: Ball
1-0: Ball
2-0: Called Strike
2-1: Swinging Strike
2-2: Strikes out swinging
Batting: RHB Foster Hapgood 0-0: Ball
1-0: Foul Ball, location: 2F
1-1: Ground out 6-3 (Groundball, 56)
Top of the 1st over - 0 run(s), 0 hit(s), 0 error(s), 0 left on base; Athens 0 - Kenosha 0
BOTTOM OF THE 1ST
Kenosha Kingfish batting - Pitching for Athens Assassins : RHP León Delgado
Pitching: RHP León Delgado
Batting: LHB Marvin Nichols 0-0: Ball
1-0: Ball
2-0: Ball
3-0: Base on Balls
Batting: RHB Alejandro Ramírez 0-0: Called Strike
0-1: Called Strike
Marvin Nichols steals 2nd base
0-2: Strikes out swinging
Batting: LHB Jon Quinn 0-0: Called Strike
0-1: Foul Ball, location: 2F
0-2: Ball
1-2: Strikes out swinging
Batting: RHB Andrés Bustamante 0-0: Called Strike
0-1: Foul Ball, location: 2F
0-2: SINGLE (Groundball, 56D)
Marvin Nichols to third
Runner from 3rd tries for Home, SAFE, no throw
Batting: LHB Ernesto Meléndez 0-0: Ball
1-0: Ball
2-0: Foul Ball, location: 2F
2-1: Foul Ball, location: 2F
2-2: Foul Ball, location: 2F
2-2: Foul Ball, location: 2F
2-2: Fly out, F7 (Flyball, 7LD)
Bottom of the 1st over - 1 run(s), 1 hit(s), 0 error(s), 1 left on base; Athens 0 - Kenosha 1
TOP OF THE 2ND
Athens Assassins batting - Pitching for Kenosha Kingfish : LHP Cedric Duncan
Batting: RHB Don Martin 0-0: Swinging Strike
0-1: Ball
1-1: Foul Ball, location: 2F
1-2: Strikes out swinging
Batting: RHB Maximino Abbado 0-0: Called Strike
0-1: Ball
1-1: Ball
2-1: Swinging Strike
2-2: Strikes out looking
Batting: LHB Jeff Thompson 0-0: Ball
1-0: SINGLE (Groundball, 4MD)
Batting: RHB Luis López 0-0: Foul Ball, location: 2F
0-1: Fielders Choice at 2nd, 6-4 (Groundball, 56)
Top of the 2nd over - 0 run(s), 1 hit(s), 0 error(s), 0 left on base; Athens 0 - Kenosha 1
BOTTOM OF THE 2ND
Kenosha Kingfish batting - Pitching for Athens Assassins : RHP León Delgado
Batting: RHB Millard Ferguson 0-0: Ground out 6-3 (Groundball, 6)
Batting: RHB Juan Escalante 0-0: Ball
1-0: Swinging Strike
1-1: SINGLE (Groundball, 4MD)
Batting: RHB Ron Campbell 0-0: Ball
1-0: Foul Ball, location: 2F
1-1: Swinging Strike
1-2: Strikes out looking
Batting: RHB David Barker 0-0: Ball
1-0: Swinging Strike
1-1: Foul Ball, location: 2F
1-2: Strikes out swinging
Bottom of the 2nd over - 0 run(s), 1 hit(s), 0 error(s), 1 left on base; Athens 0 - Kenosha 1
TOP OF THE 3RD
Athens Assassins batting - Pitching for Kenosha Kingfish : LHP Cedric Duncan
Batting: RHB Britt Short 0-0: Called Strike
0-1: Swinging Strike
0-2: Ball
1-2: Ball
2-2: Ball
3-2: Strikes out looking and he ARGUES THE CALL AND IS TOSSED!
Batting: RHB Alfonso Flores 0-0: Called Strike
0-1: Ball
1-1: Swinging Strike
1-2: Ball
2-2: Foul Ball, location: 2F
2-2: Foul Ball, location: 2F
2-2: Strikes out swinging
Batting: LHB Miguel García 0-0: Ball
1-0: Ball
2-0: DOUBLE (Line Drive, 9LM)
Batting: LHB Milo Glenn 0-0: Called Strike
0-1: Ball
1-1: SINGLE (Line Drive, 7LS)
Miguel García to third
Runner from 3rd tries for Home, SAFE, no throw
Batting: RHB Foster Hapgood 0-0: Ball
1-0: DOUBLE (Line Drive, 8RXD)
Milo Glenn to third
Batting: RHB Don Martin 0-0: Ball
1-0: Foul Ball, location: 2F
1-1: DOUBLE (Flyball, 78M)
Milo Glenn scores
Foster Hapgood scores
Batting: RHB Maximino Abbado 0-0: Called Strike
0-1: Called Strike
0-2: DOUBLE (Line Drive, 7LM)
Don Martin scores
Batting: LHB Jeff Thompson 0-0: SINGLE (Line Drive, 78S)
Maximino Abbado to third
Runner from 3rd tries for Home, SAFE, no throw
Batting: RHB Luis López 0-0: Fly out, F7 (Flyball, 7S)
Top of the 3rd over - 5 run(s), 6 hit(s), 0 error(s), 1 left on base; Athens 5 - Kenosha 1
BOTTOM OF THE 3RD
Kenosha Kingfish batting - Pitching for Athens Assassins : RHP León Delgado
Now in RF: Xavier Smith
Batting: LHB Marvin Nichols 0-0: Ball
1-0: Ball
2-0: Foul Ball, location: 2F
2-1: Ball
3-1: Foul Ball, location: 2F
3-2: Base on Balls
Batting: RHB Alejandro Ramírez 0-0: Foul Ball, location: 2F
0-1: Called Strike
0-2: Ball
1-2: Hit by Pitch
Marvin Nichols to second
Batting: LHB Jon Quinn 0-0: Swinging Strike
0-1: Ball
1-1: DOUBLE (Flyball, 78XD)
Marvin Nichols scores
Alejandro Ramírez to third
Pinch Runner at 2nd Rubén Hernández:
Batting: RHB Andrés Bustamante 0-0: Ball
1-0: Foul Ball, location: 2F
1-1: SINGLE (Line Drive, 7LS)
Alejandro Ramírez scores
Rubén Hernández to third
Batting: LHB Ernesto Meléndez 0-0: Called Strike
0-1: Called Strike
0-2: SINGLE (Flyball, 8RS)
Rubén Hernández scores
Andrés Bustamante to second
Batting: RHB Millard Ferguson 0-0: Ball
1-0: Swinging Strike
1-1: Foul Ball, location: 2F
1-2: Ball
2-2: Ball
3-2: Base on Balls
Andrés Bustamante to third
Ernesto Meléndez to second
Batting: RHB Juan Escalante 0-0: Called Strike
0-1: Ball
1-1: Grounds into double play, 4-6-3 (Groundball, 4)
Andrés Bustamante scores
Ernesto Meléndez to third
Batting: RHB Ron Campbell 0-0: SINGLE (Flyball, 8RS)
Ernesto Meléndez scores
Batting: RHB David Barker 0-0: Ball
1-0: Ball
2-0: 2-RUN HOME RUN (Flyball, 7D), Distance : 393 ft
Pitching: LHP Ben Newman
Batting: LHB Marvin Nichols 0-0: Ground out 6-3 (Groundball, 6)
Bottom of the 3rd over - 7 run(s), 5 hit(s), 0 error(s), 0 left on base; Athens 5 - Kenosha 8
TOP OF THE 4TH
Athens Assassins batting - Pitching for Kenosha Kingfish : LHP Cedric Duncan
Now at 1B: Rubén Hernández
Batting: LHB Xavier Smith 0-0: Ball
1-0: Ball
2-0: Foul Ball, location: 2F
2-1: TRIPLE (Flyball, 9LM)
Batting: RHB Alfonso Flores 0-0: Fly out, F3 (Popup, 3L)
Batting: LHB Miguel García 0-0: Ball
1-0: Ball
2-0: Foul Ball, location: 2F
2-1: Ball
3-1: Swinging Strike
3-2: Strikes out swinging
Batting: LHB Milo Glenn 0-0: Swinging Strike
0-1: Called Strike
0-2: Strikes out swinging
Top of the 4th over - 0 run(s), 1 hit(s), 0 error(s), 1 left on base; Athens 5 - Kenosha 8
BOTTOM OF THE 4TH
Kenosha Kingfish batting - Pitching for Athens Assassins : LHP Ben Newman
Batting: RHB Alejandro Ramírez 0-0: Foul Ball, location: 2F
0-1: Foul Ball, location: 2F
0-2: Foul Ball, location: 2F
0-2: Ball
1-2: Strikes out swinging
Batting: RHB Rubén Hernández 0-0: Ground out 5-3 (Groundball, 5)
Batting: RHB Andrés Bustamante 0-0: Foul Ball, location: 2F
0-1: DOUBLE (Line Drive, 9)
Batting: LHB Ernesto Meléndez 0-0: Ball
1-0: Foul Ball, location: 2F
1-1: Ball
2-1: Foul Ball, location: 2F
2-2: Strikes out swinging
Bottom of the 4th over - 0 run(s), 1 hit(s), 0 error(s), 1 left on base; Athens 5 - Kenosha 8
TOP OF THE 5TH
Athens Assassins batting - Pitching for Kenosha Kingfish : LHP Cedric Duncan
Pitching: LHP Johnny Clark
Batting: RHB Foster Hapgood 0-0: SINGLE (Flyball, 9LS)
Batting: RHB Don Martin 0-0: Called Strike
0-1: Called Strike
0-2: Foul Ball, location: 2F
0-2: Strikes out looking
Batting: RHB Maximino Abbado 0-0: Fly out, F9 (Flyball, 9LSF)
Batting: LHB Jeff Thompson 0-0: Called Strike
0-1: Swinging Strike
0-2: Foul Ball, location: 2F
0-2: Foul Ball, location: 2F
0-2: Fly out, F9 (Flyball, 89D)
Top of the 5th over - 0 run(s), 1 hit(s), 0 error(s), 1 left on base; Athens 5 - Kenosha 8
BOTTOM OF THE 5TH
Kenosha Kingfish batting - Pitching for Athens Assassins : LHP Ben Newman
Batting: RHB Millard Ferguson 0-0: Ball
1-0: Ball
2-0: Foul Ball, location: 2F
2-1: Foul Ball, location: 2F
2-2: Ground out 6-3 (Groundball, 6)
Batting: RHB Juan Escalante 0-0: Fly out, F9 (Flyball, 9S)
Batting: RHB Ron Campbell 0-0: Ball
1-0: Ball
2-0: DOUBLE (Flyball, 78D)
Batting: RHB David Barker 0-0: Called Strike
0-1: Swinging Strike
0-2: Strikes out looking
Bottom of the 5th over - 0 run(s), 1 hit(s), 0 error(s), 1 left on base; Athens 5 - Kenosha 8
TOP OF THE 6TH
Athens Assassins batting - Pitching for Kenosha Kingfish : LHP Johnny Clark
Batting: RHB Luis López 0-0: Called Strike
0-1: SINGLE (Line Drive, 6MD)
Batting: LHB Xavier Smith 0-0: Ball
1-0: Fly out, F8 (Flyball, 8LS)
Batting: RHB Alfonso Flores 0-0: Grounds into double play, 6-4-3 (Groundball, 6)
Top of the 6th over - 0 run(s), 1 hit(s), 0 error(s), 0 left on base; Athens 5 - Kenosha 8
BOTTOM OF THE 6TH
Kenosha Kingfish batting - Pitching for Athens Assassins : LHP Ben Newman
Batting: LHB Marvin Nichols 0-0: SINGLE (Groundball, 4D)
Batting: RHB Alejandro Ramírez 0-0: Called Strike
0-1: Ball
1-1: Foul Ball, location: 2F
1-2: Ball
2-2: Strikes out swinging
Batting: RHB Rubén Hernández 0-0: Ball
1-0: Called Strike
1-1: Ball
2-1: SINGLE (Groundball, 56D)
Marvin Nichols to second
Batting: RHB Andrés Bustamante 0-0: Ball
1-0: Ball
2-0: Ball
3-0: Base on Balls
Marvin Nichols to third
Rubén Hernández to second
Batting: LHB Ernesto Meléndez 0-0: Fly out, F8 (Flyball, 8LM)
Runner from 3rd tags up, SCORES, no throw
Batting: RHB Millard Ferguson 0-0: Called Strike
0-1: Called Strike
0-2: Ball
1-2: Ball
2-2: Strikes out looking
Bottom of the 6th over - 1 run(s), 2 hit(s), 0 error(s), 2 left on base; Athens 5 - Kenosha 9
TOP OF THE 7TH
Athens Assassins batting - Pitching for Kenosha Kingfish : LHP Johnny Clark
Batting: LHB Miguel García 0-0: Ground out 3-1 (Groundball, 34)
Batting: LHB Milo Glenn 0-0: Ball
1-0: Ball
2-0: Ball
3-0: Called Strike
3-1: Foul Ball, location: 2F
3-2: Base on Balls
Batting: RHB Foster Hapgood 0-0: Ball
1-0: Ball
2-0: Grounds into double play, 4-6-3 (Groundball, 4)
Top of the 7th over - 0 run(s), 0 hit(s), 0 error(s), 0 left on base; Athens 5 - Kenosha 9
BOTTOM OF THE 7TH
Kenosha Kingfish batting - Pitching for Athens Assassins : LHP Ben Newman
Batting: RHB Juan Escalante 0-0: Foul Ball, location: 2F
0-1: Foul Ball, location: 2F
0-2: Foul Ball, location: 2F
0-2: Ball
1-2: Foul Ball, location: 2F
1-2: SOLO HOME RUN (Flyball, 7D), Distance : 405 ft
Pitching: RHP James Mantle
Batting: RHB Ron Campbell 0-0: Ball
1-0: Foul Ball, location: 2F
1-1: Foul Ball, location: 2F
1-2: Foul Ball, location: 2F
1-2: Fly out, F9 (Flyball, 9LS)
Batting: RHB David Barker 0-0: Ball
1-0: Called Strike
1-1: Foul Ball, location: 2F
1-2: Fly out, F7 (Flyball, 78M)
Batting: LHB Marvin Nichols 0-0: Ball
1-0: SINGLE (Groundball, 56D)
Batting: RHB Alejandro Ramírez 0-0: Ball
1-0: Called Strike
1-1: Ball
2-1: Fly out, F5 (Popup, 5L)
Bottom of the 7th over - 1 run(s), 2 hit(s), 0 error(s), 1 left on base; Athens 5 - Kenosha 10
TOP OF THE 8TH
Athens Assassins batting - Pitching for Kenosha Kingfish : LHP Johnny Clark
Pitching: RHP Jim Snyder
Now at 2B: Esteban Ayala
Now in RF: Justin McCoy
Batting: RHB Don Martin 0-0: Ball
1-0: SOLO HOME RUN (Flyball, 89XD), Distance : 419 ft
Batting: RHB Maximino Abbado 0-0: Called Strike
0-1: Foul Ball, location: 2F
0-2: Strikes out looking
Batting: LHB Jeff Thompson 0-0: Ball
1-0: Ball
2-0: Foul Ball, location: 2F
2-1: Foul Ball, location: 2F
2-2: SINGLE (Flyball, 78S)
Batting: RHB Luis López 0-0: Ball
1-0: Ball
2-0: Swinging Strike
2-1: Swinging Strike
2-2: Ball
3-2: Foul Ball, location: 2F
3-2: Foul Ball, location: 2F
3-2: Strikes out swinging
Batting: LHB Xavier Smith 0-0: Foul Ball, location: 2F
0-1: Ball
1-1: Ball
2-1: Ground out 3-1 (Groundball, 34)
Top of the 8th over - 1 run(s), 2 hit(s), 0 error(s), 1 left on base; Athens 6 - Kenosha 10
BOTTOM OF THE 8TH
Kenosha Kingfish batting - Pitching for Athens Assassins : RHP James Mantle
Batting: RHB Rubén Hernández 0-0: Called Strike
0-1: Fly out, F9 (Flyball, 89M)
Batting: RHB Andrés Bustamante 0-0: Ball
1-0: Ball
2-0: Ball
3-0: Base on Balls
Batting: LHB Ernesto Meléndez 0-0: Ball
1-0: Foul Ball, location: 2F
1-1: Ball
2-1: Ball
3-1: Foul Ball, location: 2F
3-2: Strikes out swinging
Batting: RHB Millard Ferguson 0-0: Swinging Strike
0-1: Fly out, F4 (Popup, 3D)
Bottom of the 8th over - 0 run(s), 0 hit(s), 0 error(s), 1 left on base; Athens 6 - Kenosha 10
TOP OF THE 9TH
Athens Assassins batting - Pitching for Kenosha Kingfish : RHP Jim Snyder
Batting: RHB Alfonso Flores 0-0: Foul Ball, location: 2F
0-1: Ball
1-1: Foul Ball, location: 2F
1-2: Foul Ball, location: 2F
1-2: Fly out, F9 (Flyball, 9S)
Batting: LHB Miguel García 0-0: Foul Ball, location: 2F
0-1: Ball
1-1: Swinging Strike
1-2: Ball
2-2: Foul Ball, location: 2F
2-2: Strikes out swinging
Batting: LHB Milo Glenn 0-0: Called Strike
0-1: Called Strike
0-2: Foul Ball, location: 2F
0-2: Strikes out swinging
Top of the 9th over - 0 run(s), 0 hit(s), 0 error(s), 0 left on base; Athens 6 - Kenosha 10
Tuesday, August 8th, 2017 - OOTP Baseball 17.12 Build 75